 Dungeon Crawl Stone Soup version 0.26-a0-1049-g242049e08c (webtiles) character file.

Game seed: 9149483272577841941

20025 Morbidden the Grappler (level 12, -8/91 HPs)
             Began as a Demonspawn Wanderer on Dec 12, 2020.
             Was a High Priest of Cheibriados.
             Mangled by a catoblepas (10 damage)
             ... while petrified by you
             ... on level 12 of the Dungeon.
             The game lasted 00:24:14 (16857 turns).

Morbidden the Grappler (Demonspawn Wanderer)       Turns: 16857, Time: 00:24:15

Health: -8/91      AC: 16    Str: 40    XL:     12   Next: 41%
Magic:  29/29      EV:  2    Int: 23    God:    Cheibriados [*****.]
Gold:   845        SH:  0    Dex: 26    Spells: 18/21 levels left

rFire    x . .     SeeInvis .     - Unarmed
rCold    + . .     Faith    .   d - +2 tower shield
rNeg     + + +     Spirit   .   v - +7 scale mail "Funly" {rPois rF- rN+ Will++}
rPois    ∞         Reflect  .   (helmet restricted)
rElec    .         Harm     .   (no cloak)
rCorr    .         Rampage  .   w - +0 pair of gloves
Will     ++...                  (no boots)
Stlth    ++........             j - amulet of regeneration
HPRegen  0.65/turn              t - +6 ring of strength
MPRegen  0.21/turn              b - ring of magical power

@: petrified, very slow
A: claws 2, horns 1, talons 1, cold resistance 1, rot immunity, freezing cloud
immunity
a: Bend Time, Temporal Distortion, Slouch, Step From Time, Renounce Religion


You were on level 12 of the Dungeon.
You worshipped Cheibriados.
Cheibriados was extremely pleased with you.
You visited 2 branches of the dungeon, and saw 14 of its levels.
You also visited: Ice Cave.

You collected 845 gold pieces.

Inventory:

Hand Weapons
 a - a +2 quarterstaff
Armour
 c - a +2 troll leather armour
 d - a +2 tower shield (worn)
 v - the +7 scale mail "Funly" (worn) {rPois rF- rN+ Will++}
   (You found it on level 10 of the Dungeon)

   It makes you vulnerable to fire.
   It protects you from poison.
   It protects you from negative energy.
   It affects your willpower, your defense against some magical effects.
 w - a +0 pair of gloves (worn)
 x - a +0 chain mail
Jewellery
 b - a ring of magical power (right hand)
 j - an amulet of regeneration (around neck)
 o - a +6 ring of intelligence
 t - a +6 ring of strength (left hand)
 A - an uncursed ring of protection from cold
Wands
 h - a wand of iceblast (12)
 s - a wand of enslavement (9)
 u - a wand of flame (21)
Scrolls
 e - a scroll of magic mapping
 i - 2 scrolls of amnesia
 k - 5 scrolls of identify
 l - 3 scrolls of fog
 n - 2 scrolls of remove curse
 p - 4 scrolls of teleportation
 r - 2 scrolls of vulnerability
 y - a scroll of summoning
 D - a scroll of enchant weapon {unknown}
Potions
 f - 9 potions of curing
 z - a potion of flight
 C - a potion of magic {unknown}


   Skills:
 * Level 7.5 Fighting
 + Level 5.1 Staves
 + Level 1.5 Throwing
 + Level 7.4 Armour
 * Level 6.7 Dodging
 + Level 3.0 Stealth
 + Level 4.4 Shields
 * Level 10.3 Unarmed Combat
 * Level 5.4 Spellcasting
 * Level 5.7 Necromancy
 * Level 4.8 Invocations
 + Level 0.1 Evocations


You had 18 spell levels left.
You knew the following spells:

 Your Spells              Type           Power        Failure   Level
a - Vampiric Draining     Necr           ####......   52%         3

Your spell library contained the following spells:

 Spells                   Type           Power        Failure   Level
 Animate Skeleton         Necr           ####..       21%         1
 Pain                     Necr           ####         21%         1
 Animate Dead             Necr           ####......   89%         4
 Apportation              Tloc           #.....       91%         1
 Corona                   Hex            #......      91%         1
 Summon Small Mammal      Summ           #...         91%         1
 Ensorcelled Hibernation  Hex/Ice        #.....       97%         2
 Confusing Touch          Hex            #.......     99%         3
 Dazzling Flash           Conj/Hex       #.....       99%         3
 Tukima's Dance           Hex            #.......     99%         3
 Agony                    Necr           ####....     99%         5
 Fulminant Prism          Conj/Hex       #.........   100%        4
 Ice Form                 Ice/Tmut       #.......     100%        4
 Metabolic Englaciation   Hex/Ice        #.........   100%        5
 Silence                  Hex/Air        #.........   100%        5
 Summon Forest            Summ/Tloc      #.........   100%        5
 Freezing Cloud           Conj/Ice/Air   #.........   100%        6
 Ozocubu's Refrigeration  Ice            #.........   100%        6
 Simulacrum               Ice/Necr       ###.......   100%        6


Dungeon Overview and Level Annotations

Branches:
Dungeon (13/15)            Temple (1/1) D:4            Lair (0/6) D:11
    Orc (0/2) D:9          Vaults (0/5) D:13          IceCv (visited)

Altars:
Ashenzari
Cheibriados
Dithmenos
Elyvilon
Fedhas
Gozag
Hepliaklqana
Kikubaaqudgha
Makhleb
Nemelex Xobeh
Okawaru
Qazlal
Ru
Sif Muna
Trog
Uskayaw
Vehumet
Wu Jian
Xom
Yredelemnul
Zin
The Shining One
Beogh

Shops:
D:9 [


Innate Abilities, Weirdness & Mutations

You have very sharp fingernails.
You have a pair of small horns on your head.
You have sharp toenails.
Your flesh is cold resistant. (rC+)
You are immune to rotting.
You are immune to freezing clouds.


Message History

The catoblepas is heavily wounded.
You are engulfed in calcifying dust.
The catoblepas barely misses you.
You hit the catoblepas. Your kick misses the catoblepas.
The catoblepas is heavily wounded.
You are engulfed in calcifying dust.
You are slowing down.
The catoblepas gores you!
You hit the catoblepas but do no damage.
You claw the catoblepas, but do no damage.
The catoblepas is heavily wounded.
The catoblepas gores you! The catoblepas gores you!!
* * * LOW HITPOINT WARNING * * *
Your limbs are stiffening.
You punch the catoblepas! You claw the catoblepas.
The catoblepas is severely wounded.
The catoblepas barely misses you.
You have turned to stone.
The catoblepas gores you!!
* * * LOW HITPOINT WARNING * * *
The catoblepas gores you!!
You die...

#......)>..##.......
#..........#########
###.######## #.
###.######## #.
#..........# #.
#.#.######.# #.
#.#......#.# #.
#.######.#.########.
#.#@Y...............
#.########.#########
#.# #.# #.# #.# #.#
#.# #.# #.# #.# #.#
#.# #.# ## #.# #.#
#.


You could see a catoblepas.

Vanquished Creatures
  A reaper (IceCv)
  A boulder beetle (D:11)
  2 two-headed ogres
  2 dancing weapons (D:13)
  A tengu warrior (D:11)
  A deep elf mage (D:9)
  2 ugly things (D:12)
  2 ice statues (IceCv)
  A kobold demonologist (D:10)
  A komodo dragon (D:10)
  A tengu conjurer (D:11)
  5 ice devils (IceCv)
  A troll (D:10)
  A hornet (D:10)
  A meliai zombie (D:12)
  2 shadows (D:11)
  A wyvern (D:10)
  Grum (D:11)
  9 yaks
  A soldier ant (D:11)
  6 orc warriors
  6 phantoms
  5 sky beasts
  Duvessa (D:7)
  A black bear (D:13)
  An eye of draining (D:11)
  A necrophage (D:7)
  9 ogres
  4 wolves (D:11)
  3 centaurs
  18 big kobolds
  6 bullfrogs
  Dowan (D:7)
  A wyvern zombie (D:11)
  5 scorpions
  15 killer bees
  8 wights
  3 howler monkeys
  2 quasits
  4 centaur zombies
  4 orc priests
  7 jellies
  3 centaur skeletons
  A gnoll shaman (D:4)
  2 bullfrog skeletons
  6 hounds
  5 orc wizards
  Jessica (D:2)
  4 iguanas
  9 worker ants
  A hound skeleton (D:4)
  A hound zombie (D:9)
  10 gnolls
  8 adders
  2 shadow imps
  19 white imps
  8 ufetubi
  2 adder skeletons
  A worm (D:3)
  3 dart slugs
  35 orcs
  4 giant cockroaches
  7 goblins
  5 hobgoblins
  9 jackals
  4 quokkas
  11 bats
  3 frilled lizards
  32 kobolds
  14 rats
358 creatures vanquished.

Vanquished Creatures (others)
  3 white imps (IceCv)
  5 ufetubi (IceCv)
  3 plants (D:7)
  2 withered plants (D:7)
13 creatures vanquished.

Grand Total: 371 creatures vanquished

Notes
Turn   | Place    | Note
-------+----------+-------------------------------------------
     0 | D:1      | Morbidden the Demonspawn Wanderer began the quest for the
                  | Orb.
     0 | D:1      | Morbidden set off with the following items: a +2
                  | quarterstaff, a potion of lignification, a scroll of
                  | teleportation, a +0 robe
     0 | D:1      | Reached XP level 1. HP: 16/16 MP: 1/1
   283 | D:1      | Gained mutation: Your flesh is cold resistant. (rC+)
                  | [demonic ancestry]
   283 | D:1      | Reached XP level 2. HP: 22/22 MP: 2/2
   917 | D:1      | Gained mutation: You have sharp fingernails. [demonic
                  | ancestry]
   917 | D:1      | Reached XP level 3. HP: 15/28 MP: 3/3
  1545 | D:2      | Found an opulent altar of Gozag.
  1957 | D:2      | Noticed Jessica
  1966 | D:2      | Gained mutation: You have sharp toenails. [demonic
                  | ancestry]
  1966 | D:2      | Reached XP level 4. HP: 14/34 MP: 4/4
  1974 | D:2      | Killed Jessica
  1975 | D:2      | Reached skill level 1 in Stealth
  3108 | D:4      | Found a staircase to the Ecumenical Temple.
  3135 | Temple   | Entered the Ecumenical Temple
  3358 | Temple   | Became a worshipper of Cheibriados the Contemplative
  3480 | D:4      | Gained mutation: You are immune to freezing clouds.
                  | [demonic ancestry]
  3480 | D:4      | Reached XP level 5. HP: 29/41 MP: 5/5
  3866 | D:4      | Noticed a phantom
  3912 | D:4      | Killed a phantom
  4174 | D:4      | Noticed an ogre
  4188 | D:4      | Killed an ogre
  4189 | D:4      | Reached XP level 6. HP: 23/48 MP: 6/6
  4827 | D:4      | Found a shadowy altar of Dithmenos.
  5538 | D:4      | Reached skill level 5 in Staves
  5538 | D:4      | Gained mutation: You have very sharp fingernails. [demonic
                  | ancestry]
  5538 | D:4      | Reached XP level 7. HP: 42/54 MP: 7/7
  5909 | D:5      | Entered Level 5 of the Dungeon
  6624 | D:5      | Reached * piety under Cheibriados
  6828 | D:5      | Reached skill level 1 in Unarmed Combat
  7180 | D:5      | Found a broken altar of Ashenzari.
  7180 | D:5      | Found a glowing silver altar of Zin.
  7203 | D:6      | Reached XP level 8. HP: 46/61 MP: 8/8
  7222 | D:6      | HP: 2/61 [sky beast (5)]
  7232 | D:6      | Reached skill level 2 in Unarmed Combat
  7433 | D:6      | Got a faintly glowing buckler
  7436 | D:6      | Identified the +0 buckler "Vykoicva" {rPois Will+ Dex+4}
                  | (You found it on level 6 of the Dungeon)
  7605 | D:6      | Reached ** piety under Cheibriados
  7606 | D:6      | Reached skill level 5 in Armour
  7823 | D:6      | Reached skill level 1 in Spellcasting
  7940 | D:6      | Reached skill level 3 in Unarmed Combat
  8633 | D:7      | Noticed Dowan
  8634 | D:7      | Noticed Duvessa
  8649 | D:7      | Killed Duvessa
  8687 | D:7      | Killed Dowan
  8803 | D:7      | Reached skill level 4 in Unarmed Combat
  8855 | D:7      | HP: 1/61 [kobold/+1 whip of electrocution (10)]
  8863 | D:7      | Reached XP level 9. HP: 9/67 MP: 12/12
  9295 | D:7      | Reached *** piety under Cheibriados
  9354 | D:7      | Found an ancient bone altar of Kikubaaqudgha.
  9366 | D:7      | Found a blossoming altar of Fedhas.
  9501 | D:7      | Reached skill level 5 in Unarmed Combat
  9507 | D:7      | Reached skill level 5 in Fighting
 10275 | D:7      | Found a radiant altar of Vehumet.
 10277 | D:7      | Found a shadowy altar of Dithmenos.
 10277 | D:7      | Found a sparkling altar of Nemelex Xobeh.
 10279 | D:7      | Found a shimmering altar of Xom.
 10279 | D:7      | Found a sacrificial altar of Ru.
 10279 | D:7      | Found an ancient bone altar of Kikubaaqudgha.
 10401 | D:8      | Learned a level 3 spell: Vampiric Draining
 10624 | D:8      | Reached **** piety under Cheibriados
 11022 | D:8      | Reached skill level 6 in Unarmed Combat
 11022 | D:8      | Reached skill level 1 in Necromancy
 11586 | D:9      | Found Rug Ron's Antique Armour Shoppe.
 11776 | D:9      | Found a staircase to the Orcish Mines.
 11784 | D:9      | Found a roughly hewn altar of Beogh.
 11805 | D:9      | Gained mutation: You have a pair of small horns on your
                  | head. [demonic ancestry]
 11805 | D:9      | Reached XP level 10. HP: 28/74 MP: 15/15
 12263 | D:9      | Noticed a deep elf mage
 12269 | D:9      | Killed a deep elf mage
 12270 | D:9      | Reached skill level 5 in Dodging
 12270 | D:9      | Reached skill level 7 in Unarmed Combat
 12409 | D:10     | Entered Level 10 of the Dungeon
 12424 | D:10     | Reached ***** piety under Cheibriados
 12438 | D:10     | Got a steaming buckler
 12439 | D:10     | Identified the cursed +0 buckler of the Orb Guardian {rPois
                  | rC+ rCorr} (You found it on level 10 of the Dungeon)
 12483 | D:10     | Got a steaming scale mail
 12494 | D:10     | Identified the +7 scale mail "Funly" {rPois rF- rN+ Will++}
                  | (You found it on level 10 of the Dungeon)
 12612 | D:10     | Identified the +8 quarterstaff of Absolution {freeze,
                  | Int+3} (You found it on level 10 of the Dungeon)
 12673 | D:10     | Noticed a two-headed ogre
 12697 | D:10     | Killed a two-headed ogre
 12952 | D:10     | Reached skill level 8 in Unarmed Combat
 13032 | D:10     | Reached XP level 11. HP: 83/83 MP: 17/17
 13675 | D:11     | Reached skill level 1 in Invocations
 14088 | D:11     | Found a staircase to the Lair.
 14108 | D:11     | Noticed Grum
 14108 | D:11     | Noticed a boulder beetle
 14122 | D:11     | Reached skill level 9 in Unarmed Combat
 14128 | D:11     | Killed a boulder beetle
 14132 | D:11     | Killed Grum
 14133 | D:11     | Noticed a two-headed ogre
 14143 | D:11     | Killed a two-headed ogre
 14508 | D:11     | Noticed a tengu warrior
 14518 | D:11     | Killed a tengu warrior
 14603 | D:11     | Reached ****** piety under Cheibriados
 15050 | D:12     | Noticed a green ugly thing
 15058 | D:12     | Killed a green ugly thing
 15137 | D:12     | Identified Cogooxt's Tome of Creative Malediction
 15344 | D:12     | Noticed a purple ugly thing
 15350 | D:12     | Killed a purple ugly thing
 15351 | D:12     | Reached skill level 5 in Necromancy
 15661 | D:13     | Noticed a +3 long sword
 15662 | D:13     | Found a gate to the Vaults.
 15662 | D:13     | Noticed a +5 long sword
 15669 | D:13     | Killed a +5 long sword
 15670 | D:13     | Gained mutation: You are immune to rotting. [demonic
                  | ancestry]
 15670 | D:13     | Reached XP level 12. HP: 68/91 MP: 19/19
 15683 | D:13     | Reached skill level 10 in Unarmed Combat
 15711 | D:13     | Reached skill level 5 in Spellcasting
 15732 | D:13     | Found a frozen archway.
 15752 | D:13     | Noticed a catoblepas
 15778 | IceCv    | Entered an ice cave
 16214 | IceCv    | Noticed a reaper
 16229 | IceCv    | Killed a reaper
 16856 | D:12     | HP: 1/91 [catoblepas (12)]
 16857 | D:12     | Mangled by a catoblepas

Illustrated notes

Levels and vault maps discovered:
D:1:      minmay_arrival_cross, layout_loops_ring, solitary_fountain,
          chequers_serial_rivers_micro_b, solitary_fountain
D:2:      layout_loops_corners, nicolae_gozag_seed_capital, uniq_jessica
D:3:      layout_loops_ring, lemuel_old_faithful
D:4:      layout_cave_pods, kennysheep_mini, temple_doors_cd
D:5:      layout_rooms, gammafunk_temple_overflow_wave, st_stairs_1
D:6:      layout_basic
D:7:      layout_cave_pods, grunt_temple_overflow_growth_and_decay,
          doesnt_xom_only_xom, minmay_misc_feat_room, uniq_duvessa
D:8:      lemuel_ice_spiral_2, layout_basic
D:9:      layout_basic, minmay_orc_entry_temple_small, serial_shops,
          nicolae_shop_competitors_out_of_business, guppyfry_early_elven_hall
D:10:     layout_basic, special_room [special_room_kobold], serial_corexii_hall,
          chequers_hall_statues_corner_a, corexii_hall_statues_l,
          chequers_hall_statues_y, chequers_hall_statues_wall_a
D:11:     layout_grid_maze, dpeg_oklobed_lair, uniq_grum
D:12:     layout_basic
D:13:     layout_basic, erik_vaults_1, portal_ice_cave_entry_imps
Temple:   regret_index_temple_generic_petals

Skill      XL: |  1  2  3  4  5  6  7  8  9 10 11 12 |
---------------+-------------------------------------+-----
Staves         | 3 4 5 |  5.1
Armour         | 2 3 4 5 6 7 |  7.4
Stealth        | 1 2 3 |  3.0
Fighting       | 3 4 5 6 7 |  7.5
Dodging        | 2 3 4 5 6 |  6.7
Unarmed Combat | 1 4 6 8 9 10 | 10.3
Spellcasting   | 2 3 4 5 |  5.4
Shields        | 2 3 4 |  4.4
Necromancy     | 2 3 5 |  5.7
Invocations    | 3 4 |  4.8
Throwing       | |  1.5
Evocations     | |  0.1

Action                   |  1- 3 |  4- 6 |  7- 9 | 10-12 || total
-------------------------+-------+-------+-------+-------++-------
Melee: Quarterstaff      |    85 |   118 |     8 |       ||   211
       Kick              |       |    32 |   206 |   269 ||   507
       Unarmed           |       |       |   453 |   455 ||   908
       Headbutt          |       |       |       |   150 ||   150
Throw: Dart              |       |       |    14 |     8 ||    22
Invok: Slouch            |       |       |       |     4 ||     4
Evoke: Wand              |       |       |     2 |     2 ||     4
  Use: Potion            |       |     2 |     5 |     2 ||     9
       Scroll            |       |     1 |    11 |    10 ||    22
 Stab: Sleeping          |     7 |     1 |       |     2 ||    10
       Distracted        |       |       |     1 |       ||     1
       Petrified         |       |       |       |     4 ||     4
Armor: Robe              |    16 |    13 |       |       ||    29
       Ring mail         |       |    16 |    41 |       ||    57
       Chain mail        |       |       |   176 |    10 ||   186
       Scale mail        |       |       |       |   160 ||   160
       Troll leather arm |       |       |       |     1 ||     1
Dodge: Dodged            |    49 |    62 |   261 |   288 ||   660
Block: Buckler           |       |       |   114 |   102 ||   216
       Tower shield      |       |       |       |   194 ||   194

Table legend: (Time is in decaauts)
 A = Elapsed time spent in this place.
 B = Non-inter-level travel time spent in this place.
 C = Inter-level travel time spent in this place.
 D = Time resting spent in this place.
 E = Time spent auto-exploring this place.
 F = Levels seen in this place.
 G = Mean time per level.
                   A        B        C        D        E       F      G
               +--------+--------+--------+--------+--------+-----+--------+
         Total |  21068 |  19904 |   1164 |   4186 |  12554 |  15 | 1404.5 |
       Dungeon |  19762 |  18636 |   1126 |   3768 |  11982 |  13 | 1520.2 |
        Temple |    263 |    225 |     38 |      0 |    191 |   1 |  263.0 |
      Ice Cave |   1042 |   1042 |      0 |    418 |    381 |   1 | 1042.0 |
               +--------+--------+--------+--------+--------+-----+--------+

Top non-repeatable levels by time:
     D:4: 2570 daAuts
     D:7: 2148 daAuts
    D:10: 1862 daAuts
    D:11: 1858 daAuts
     D:5: 1811 daAuts
    D:12: 1570 daAuts
     D:9: 1557 daAuts
     D:8: 1495 daAuts
     D:1: 1379 daAuts
     D:6: 1351 daAuts
     D:3: 1097 daAuts
   IceCv: 1042 daAuts
     D:2: 856 daAuts
  Temple: 263 daAuts
    D:13: 203 daAuts
